 Dungeon Crawl Stone Soup version 0.30-a0-719-gcc4359ea44 (webtiles) character file.

Game seed: 12112101547780138804

9 Absynth the Poker (level 2, 22/22 HPs)
             Began as a Demonspawn Gladiator on Jan 26, 2023.
             Quit the game on level 1 of the Dungeon.
             The game lasted 00:01:01 (332 turns).

Absynth the Poker (Demonspawn Gladiator)             Turns: 332, Time: 00:01:01

Health: 22/22      AC:  4    Str: 14    XL:     2   Next: 3%
Magic:  2/2        EV: 12    Int:  9    God:
Gold:   14         SH:  0    Dex: 14    Spells: 1/1 levels left

rFire   . . .      SeeInvis .    a - +0 trident
rCold   . . .      Faith    .    (no shield)
rNeg    . . .      Spirit   .    b - +0 leather armour
rPois   .          Reflect  .    c - +0 helmet
rElec   .          Harm     .    (no cloak)
rCorr   .          Rampage  .    (no gloves)
Will    .....                    (no boots)
Stlth   +                        (no amulet)
HPRegen 0.23/turn                (no ring)
MPRegen 0.16/turn                (no ring)

@: no status effects
A: magic regeneration
a: no special abilities


You were on level 1 of the Dungeon.
You visited 1 branch of the dungeon, and saw 1 of its levels.

You collected 14 gold pieces.

Inventory:

Hand Weapons
 a - a +0 trident (weapon)
Missiles
 d - 3 throwing nets (quivered)
 e - a javelin
Armour
 b - a +0 leather armour (worn)
 c - a +0 helmet (worn)
Scrolls
 f - a scroll of teleportation {unknown}
 h - a scroll of enchant armour {unknown}
Potions
 g - a potion of invisibility {unknown}


   Skills:
 + Level 2.2 Fighting
 * Level 3.0 Polearms
 - Level 1.7 Throwing
 + Level 2.8 Dodging


You had one spell level left.
You didn't know any spells.
Your spell library was empty.

Dungeon Overview and Level Annotations

Branches:
Dungeon (1/15)

Altars:


Innate Abilities, Weirdness & Mutations

You regenerate magic rapidly.


Message History

No target in view!
Things that are here:
a +0 club; a goblin corpse
Found an escape hatch in the floor.
f - a scroll labelled FUUDYU DISEHAG
There is an escape hatch in the floor here.
g - a glowing blue potion
There is an escape hatch in the floor here.
Things that are here:
a +0 club; a goblin corpse A quokka comes into view.
You see here a scroll labelled KUIGGU ANUIRCHU.
h - a scroll labelled KUIGGU ANUIRCHU You reach to attack!
You hit the quokka.
The quokka is severely wounded.
You closely miss the quokka.
The quokka is severely wounded.
The quokka barely misses you. The quokka closely misses you.
You barely miss the quokka.
The quokka is severely wounded.
The quokka completely misses you.
You closely miss the quokka.
The quokka is severely wounded.
The quokka barely misses you. The quokka misses you.
You closely miss the quokka.
The quokka is severely wounded.
The quokka barely misses you.
You closely miss the quokka.
The quokka is severely wounded.
The quokka bites you but does no damage.
You barely miss the quokka.
The quokka is severely wounded.
The quokka barely misses you. x2
You hit the quokka.
You kill the quokka!
You have reached level 2!
Your demonic ancestry asserts itself...
Your magic begins to regenerate rapidly.
Key pressed, stopping explore.
Are you sure you want to abandon this character and quit the game? (Confirm with "yes".)

.#.# ...# ..## #.# #.#
############
P♣P♣P8P♣P♣P♣######
.................#
P♣P♣P8P♣P♣P♣####@#
##############...# #.#
##..# #.#.#### #.###..##
#.# #.##...####.#
#.#..#....#.#
#...#####.#.#
............#
######....##############


There were no monsters in sight!

Vanquished Creatures
  3 giant cockroaches (D:1)
  A goblin (D:1)
  2 quokkas (D:1)
  A rat (D:1)
7 creatures vanquished.

Notes
Turn   | Place    | Note
-------+----------+-------------------------------------------
     0 | D:1      | Absynth the Demonspawn Gladiator began the quest for the
                  | Orb.
     0 | D:1      | Reached XP level 1. HP: 16/16 MP: 1/1
   137 | D:1      | Reached skill level 3 in Polearms
   293 | D:1      | Gained mutation: You regenerate magic rapidly. [demonic
                  | ancestry]
   293 | D:1      | Reached XP level 2. HP: 22/22 MP: 2/2
   332 | D:1      | Quit the game

Illustrated notes

Levels and vault maps discovered:
D:1:      dpeg_arrival_prison, layout_basic,
          chequers_ecumenical_altar_simple_redux, dreamdust_princess_corridor

Skill      XL: |  1 |
---------------+----+-----
Polearms       | 3 |  3.0
Fighting       | |  2.2
Throwing       | |  1.7
Dodging        | |  2.8

Action                     || total
---------------------------++-------
  Melee: Trident           ||    26
   Stab: Sleeping          ||     1
 Armour: Leather armour    ||     4
  Dodge: Dodged            ||    17

Table legend: (Time is in decaauts)
 A = Elapsed time spent in this place.
 B = Non-inter-level travel time spent in this place.
 C = Inter-level travel time spent in this place.
 D = Time resting spent in this place.
 E = Time spent auto-exploring this place.
 F = Levels seen in this place.
 G = Mean time per level.
                   A        B        C        D        E       F      G
               +--------+--------+--------+--------+--------+-----+--------+
         Total |    336 |    336 |      0 |      0 |    282 |   1 |  336.0 |
       Dungeon |    336 |    336 |      0 |      0 |    282 |   1 |  336.0 |
               +--------+--------+--------+--------+--------+-----+--------+

Top non-repeatable levels by time:
     D:1: 336 daAuts
